 Dungeon Crawl Stone Soup version 0.25-a0-435-g4b9beb1024 (webtiles) character file.

Game seed: 12979664356260977149, levelgen mode: deterministic

110842 kae the Severer (level 16, -4/149 HPs)
             Began as a Hill Orc Fighter on Jan 29, 2020.
             Was the Champion of Makhleb.
             Slain by an entropy weaver (5 damage)
             ... on level 1 of the Spider Nest.
             The game lasted 00:43:04 (32199 turns).

kae the Severer (Hill Orc Fighter)                 Turns: 32199, Time: 00:43:04

Health: -4/149     AC:  0    Str: 32    XL:     16   Next: 56%
Magic:  0/28       EV: 12    Int:  8    God:    Makhleb [******]
Gold:   1119       SH:  0    Dex: 10    Spells: 15/15 levels left

rFire    x . .     SeeInvis +   a - +5 battleaxe (elec)
rCold    . . .     Gourm    +   (shield currently unavailable)
rNeg     + + .     Faith    .   X - +1 chain mail "Kokid" {*Corrode Regen+ Str+2}
rPois    +         Spirit   +   B - +2 hat of the Bear Spirit {Spirit, +Rage rN+ MR++}
rElec    .         Reflect  .   l - +0 cloak
rCorr    .         Harm     .   h - +1 pair of gloves
MR       +++..                  (no boots)
Stlth    ..........             H - amulet of the gourmand
HPRegen  0.74/turn              E - ring of see invisible
MPRegen  0.21/turn              Z - ring of Uretaeq {rPois rF- rN+ Str+4 SInv}

@: corroded
A: no striking features
a: Minor Destruction, Lesser Servant of Makhleb, Major Destruction, Greater
Servant of Makhleb, Renounce Religion, Evoke Berserk Rage


You were on level 1 of the Spider Nest.
You worshipped Makhleb.
Makhleb was exalted by your worship.
You were very full.

You visited 5 branches of the dungeon, and saw 25 of its levels.
You also visited: Ice Cave.

You collected 3654 gold pieces.
You spent 2535 gold pieces at shops.

Inventory:

Hand Weapons
 a - a +5 battleaxe of electrocution (weapon)
 b - a +0 battleaxe of freezing
 g - a +3 hand axe of venom
Armour
 h - a +1 pair of gloves (worn)
 l - a +0 cloak (worn)
 B - the +2 hat of the Bear Spirit (worn) {Spirit, +Rage rN+ MR++}
   (You bought it in a shop on level 1 of the Orcish Mines)

   It protects you from negative energy.
   It affects your resistance to hostile enchantments.
   It lets you go berserk.
   If you remove this armour, your AC will fall 1 point (0 -> -1)
 W - a +0 plate armour
 X - the +1 chain mail "Kokid" (worn) {*Corrode Regen+ Str+2}
   (You bought it in a shop on level 15 of the Dungeon)

   It affects your strength (+2).
   It increases your rate of regeneration.
   It may corrode you when you take damage.
   If you remove this armour, your AC will fall 13 points (0 -> -13)
Jewellery
 E - a ring of see invisible (left hand)
 F - a +3 ring of evasion
 H - an amulet of the gourmand (around neck)
 O - an uncursed ring of flight
 R - an uncursed ring of protection from cold
 T - an uncursed amulet of rage
 Z - the ring of Uretaeq (right hand) {rPois rF- rN+ Str+4 SInv}
   (You bought it in a shop on level 2 of the Orcish Mines)

   [ring of positive energy]

   It affects your strength (+4).
   It makes you vulnerable to fire.
   It protects you from poison.
   It protects you from negative energy.
   It lets you see invisible.
Wands
 k - a wand of polymorph (10)
 s - a wand of flame (23)
 y - a wand of random effects (79)
 C - a wand of digging (7)
 K - a wand of paralysis (13)
 N - a wand of enslavement (17)
Scrolls
 e - 9 scrolls of remove curse
 i - 10 scrolls of identify
 o - 7 scrolls of teleportation
 p - 11 scrolls of amnesia
 v - 6 scrolls of fear
 x - 7 scrolls of immolation
 z - 2 scrolls of enchant armour
 I - 4 scrolls of fog
 M - 5 scrolls of silence
 P - a scroll of magic mapping
 S - a scroll of enchant weapon
 U - 2 scrolls of blinking
Potions
 d - 5 potions of might
 j - 2 potions of curing
 m - 4 potions of brilliance
 n - a potion of flight
 q - 3 potions of resistance
 t - 4 potions of haste
 u - a potion of invisibility
 w - 6 potions of lignification
 A - 6 potions of ambrosia
 D - 2 potions of mutation
 G - 4 potions of agility
 J - 4 potions of heal wounds
 L - 2 potions of berserk rage
 V - a potion of cancellation
Comestibles
 f - 39 rations


   Skills:
 + Level 15.3 Fighting
 - Level 20.0 Axes
 + Level 14.2 Armour
 - Level 6.7 Dodging
   Level 3.2 Shields
 - Level 16.2 Invocations


You had 15 spell levels left.
You didn't know any spells.
Your spell library contained the following spells:

 Spells                   Type           Power        Failure   Level  Hunger
 Apportation              Tloc           #.....       80%         1    ##.....
 Beastly Appendage        Tmut           #.....       80%         1    ##.....
 Summon Butterflies       Summ           #.......     80%         1    ##.....
 Corpse Rot               Necr/Air       N/A          90%         2    ###....
 Sticks to Snakes         Tmut           #.......     90%         2    ###....
 Confusing Touch          Hex            #.......     99%         3    ####...
 Conjure Flame            Conj/Fire      #.......     99%         3    ####...
 Gell's Gravitas          Tloc           #.........   99%         3    ####...
 Lesser Beckoning         Tloc           #.........   99%         3    ####...
 Spider Form              Tmut/Pois      #.........   99%         3    ####...
 Stone Arrow              Conj/Erth      #.....       99%         3    ####...
 Tukima's Dance           Hex            #.......     99%         3    ####...
 Ice Form                 Ice/Tmut       #.......     100%        4    #####..
 Petrify                  Tmut/Erth      #.......     100%        4    #####..
 Summon Lightning Spire   Summ/Air       #.......     100%        4    #####..
 Alistair's Intoxication  Tmut/Pois      #.......     100%        5    ######.
 Blade Hands              Tmut           #.........   100%        5    ######.
 Iskenderun's Battlesphe  Conj/Chrm      #.......     100%        5    ######.
 Metabolic Englaciation   Hex/Ice        #.........   100%        5    ######.
 Silence                  Hex/Air        #.........   100%        5    ######.
 Summon Forest            Summ/Tloc      #.........   100%        5    ######.
 Yara's Violent Unravell  Hex/Tmut       #.........   100%        5    ######.
 Conjure Ball Lightning   Conj/Air       #.........   100%        6    #######
 Deflect Missiles         Chrm/Air       #.........   100%        6    #######
 Eringya's Noxious Bog    Tmut/Pois      #.........   100%        6    #######
 Hydra Form               Tmut           #.........   100%        6    #######
 Invisibility             Hex            #.......     100%        6    #######
 Iron Shot                Conj/Erth      #.........   100%        6    #######
 Starburst                Conj/Fire      #.........   100%        6    #######
 Summon Hydra             Summ           #.........   100%        7    #######
 Tornado                  Air            #.........   100%        9    #######


Dungeon Overview and Level Annotations

Branches:
Dungeon (15/15)            Temple (1/1) D:7            Lair (6/6) D:9
  Swamp (0/4) Lair:4       Spider (1/4) Lair:2        Slime (0/5) Lair:6
    Orc (2/2) D:9             Elf (0/3) Orc:2        Vaults (0/5) D:13
 Depths (0/5) D:15          IceCv (visited)

Altars:
Ashenzari
Cheibriados
Dithmenos
Elyvilon
Fedhas
Gozag
Hepliaklqana
Kikubaaqudgha
Makhleb
Nemelex Xobeh
Okawaru
Qazlal
Ru
Sif Muna
Trog
Uskayaw
Vehumet
Wu Jian
Xom
Yredelemnul
Zin
The Shining One

Shops:
D:4 !   D:7 (   D:9 [%(%[   D:10 *}   D:15 [   Orc:1 *   Orc:2 *(=?

Annotations:
Lair:2 1 runed translucent door, tilp's ghost, journeyman TeAE


Message History

You hit the entropy weaver but do no damage.
The entropy weaver is severely wounded.
The orb spider weaves a glowing orb of energy.
The jumping spider leaps!
The entropy weaver hits you!
Your corrosive artefact corrodes you!
The entropy weaver hits you. x2
The entropy weaver hits you!
The jumping spider leaps!
An orb of destruction comes into view.
You closely miss the entropy weaver.
The entropy weaver is heavily wounded.
The entropy weaver mumbles some strange words.
The entropic weave corrodes you!
The orb spider begins to weave its threads into a brightly glowing ball.
The orb of destruction hits you!!!
* * * LOW HITPOINT WARNING * * *
The entropy weaver hits you!
* * * LOW HITPOINT WARNING * * *
The entropy weaver hits you!
* * * LOW HITPOINT WARNING * * *
The entropy weaver barely misses you. The entropy weaver hits you.
You die...

## ###...
#...... .......
##.......
#@....°..
......○†a......
......☼......°.
....s○....†....
.......°.......
...s.........^.
.............s.
.#.............


You could see an entropy weaver, an orb spider and 2 jumping spiders.

Vanquished Creatures
  Frances (D:14)
  Agnes (D:14)
  A frost giant (IceCv)
  A dire elephant (Lair:6)
  An ettin (Orc:1)
  Josephine (D:15)
  4 hydras
  A vault guard (D:13)
  A merfolk avatar (Lair:6)
  A death knight (D:15)
  8 two-headed ogres
  6 centaur warriors
  4 tengu warriors
  An orc high priest (Orc:1)
  Urug (D:11)
  A skeletal warrior (D:15)
  A wizard (D:13)
  2 sea snakes (Lair:6)
  2 unseen horrors
  2 phantasmal warriors (D:15)
  2 wolf spider zombies (D:15)
  2 oklob plants (Lair:3)
  A mana viper (shapeshifter) (D:15)
  3 deep elf magi
  A wolf spider (Spider:1)
  10 ugly things
  4 orc sorcerers (Orc:2)
  3 cyclopes
  7 slime creatures
  5 elephants (Lair:6)
  6 manticores
  Maurice (D:9)
  An ice statue (IceCv)
  Joseph (D:8)
  Psyche (D:9)
  A black mamba (Lair:6)
  5 gargoyles
  4 centaur skeletons
  10 spiny frogs
  An efreet (D:13)
  5 rime drakes
  A kobold demonologist (D:13)
  A demonic crawler (Lair:2)
  9 komodo dragons
  A freezing wraith (D:15)
  A tyrant leech (Lair:4)
  A queen bee (shapeshifter) (D:14)
  A wind drake (Lair:6)
  2 jumping spiders (Spider:1)
  9 trolls
  4 hornets
  A tengu conjurer (D:13)
  21 polar bears
  15 blink frogs
  4 hippogriffs
  A spriggan (shapeshifter) (D:13)
  3 wraiths (D:15)
  A shadow (D:13)
  2 redbacks (Spider:1)
  A tarantella (Spider:1)
  6 wyverns (Lair:6)
  2 humans (D:7)
  A golden eye (shapeshifter) (D:14)
  A steam dragon (D:15)
  3 basilisks
  4 hungry ghosts
  59 yaks
  4 vampire mosquitoes
  4 wargs
  2 swamp worms (Lair:4)
  2 soldier ants (D:13)
  14 water moccasins
  2 acid dragons
  11 porcupines
  23 orc warriors
  A sky beast (D:7)
  An ice beast (D:11)
  A phantom (D:9)
  A necrophage (D:8)
  9 boggarts (D:15)
  19 centaurs
  21 wolves
  11 ogres
  8 crocodiles
  6 big kobolds
  21 bullfrogs
  2 wyvern skeletons (D:14)
  5 scorpions
  9 killer bees
  12 wights
  2 electric eels (Lair:1)
  6 howler monkeys
  5 crimson imps
  2 centaur zombies
  8 hounds
  A bullfrog zombie (D:12)
  Crazy Yiuf (D:3)
  3 bullfrog skeletons
  23 orc priests
  3 jellies
  37 orc wizards
  2 iguanas
  4 worker ants
  A hound skeleton (D:4)
  6 gnolls
  2 howler monkey skeletons (D:6)
  12 adders
  7 shadow imps
  2 oozes (D:3)
  An adder skeleton (D:9)
  A worm (D:3)
  A dart slug (D:2)
  A leopard gecko (D:2)
  85 orcs
  6 giant cockroaches
  7 goblins
  12 hobgoblins
  4 jackals (D:3)
  2 quokkas
  A ball python (D:2)
  A ball python skeleton (D:4)
  8 bats
  3 frilled lizards
  18 kobolds
  A leopard gecko zombie (D:7)
  A quokka zombie (D:8)
  15 rats
  7 fungi
  14 plants
775 creatures vanquished.

Vanquished Creatures (collateral kills)
  2 hydras
  Harold (Orc:1)
  3 ugly things (D:14)
  A rime drake (Lair:5)
  A blink frog (Lair:6)
  A yak (Lair:6)
  2 orc warriors (Orc:1)
  A scorpion (Lair:2)
  An orc priest (Orc:1)
  3 orc wizards (Orc:1)
  2 worms (Lair:2)
  4 orcs (Orc:1)
22 creatures vanquished.

Vanquished Creatures (others)
  A boggart (D:15)
  A quokka (D:3)
  33 fungi
  25 plants
60 creatures vanquished.

Grand Total: 857 creatures vanquished

Notes
Turn   | Place    | Note
-------+----------+-------------------------------------------
     0 | D:1      | kae the Hill Orc Fighter began the quest for the Orb.
     0 | D:1      | Reached XP level 1. HP: 19/19 MP: 1/1
    31 | D:1      | Reached skill level 3 in Axes
    59 | D:1      | Reached XP level 2. HP: 24/26 MP: 2/2
    95 | D:1      | Reached skill level 4 in Axes
   273 | D:1      | Reached XP level 3. HP: 31/31 MP: 3/3
   756 | D:2      | Reached skill level 5 in Axes
   929 | D:1      | Reached XP level 4. HP: 24/39 MP: 4/4
  1050 | D:2      | Reached skill level 6 in Axes
  1286 | D:2      | Reached XP level 5. HP: 45/45 MP: 5/5
  1437 | D:2      | Reached skill level 7 in Axes
  1526 | D:2      | Found an ancient bone altar of Kikubaaqudgha.
  1909 | D:3      | Found a white marble altar of Elyvilon.
  2027 | D:3      | Reached skill level 8 in Axes
  2027 | D:3      | Reached XP level 6. HP: 40/51 MP: 6/6
  2536 | D:3      | Found a runed translucent door.
  2537 | D:3      | Noticed Crazy Yiuf
  2595 | D:3      | Killed Crazy Yiuf
  3089 | D:4      | Found Qutoazym's Distillery.
  3104 | D:4      | Bought a potion of degeneration for 10 gold pieces
  3104 | D:4      | Bought a potion of curing for 30 gold pieces
  3104 | D:4      | Bought a potion of curing for 30 gold pieces
  3104 | D:4      | Bought a potion of curing for 30 gold pieces
  3104 | D:4      | Bought a potion of lignification for 30 gold pieces
  3118 | D:4      | Reached skill level 9 in Axes
  3222 | D:4      | Reached XP level 7. HP: 52/57 MP: 7/7
  3355 | D:5      | Entered Level 5 of the Dungeon
  3459 | D:5      | Reached skill level 10 in Axes
  3717 | D:5      | Found a sparkling altar of Nemelex Xobeh.
  3717 | D:5      | Found a faded altar of an unknown god.
  3722 | D:5      | Found a shimmering altar of Xom.
  3724 | D:5      | Found a faded altar of an unknown god.
  3726 | D:5      | Found a hazy altar of Hepliaklqana.
  3955 | D:6      | Reached skill level 11 in Axes
  3959 | D:6      | Found a glowing golden altar of the Shining One.
  4376 | D:6      | Reached XP level 8. HP: 56/64 MP: 8/8
  4691 | D:6      | Reached skill level 12 in Axes
  4707 | D:6      | Identified the cursed +1 ring mail of Wilues {Int+2 Dex+2}
  5368 | D:7      | Reached skill level 13 in Axes
  5510 | D:7      | Found a staircase to the Ecumenical Temple.
  5551 | D:7      | Found an iron altar of Okawaru.
  5679 | Temple   | Entered the Ecumenical Temple
  5844 | Temple   | Became a worshipper of Makhleb the Destroyer
  5883 | D:7      | Found Wicelis's Weapon Shop.
  5986 | D:7      | Reached skill level 14 in Axes
  5986 | D:7      | Reached XP level 9. HP: 70/70 MP: 9/9
  6067 | D:8      | Noticed Joseph
  6081 | D:8      | HP: 1/70 [Joseph/+0 quarterstaff (14)]
  6084 | D:8      | Killed Joseph
  7296 | D:9      | Found Fifud's Antique Armour Emporium.
  7317 | D:9      | Noticed Psyche
  7332 | D:9      | Killed Psyche
  7332 | D:9      | Reached skill level 10 in Invocations
  7332 | D:9      | Reached XP level 10. HP: 61/77 MP: 17/17
  7345 | D:9      | Found a staircase to the Lair.
  7686 | D:8      | Reached * piety under Makhleb
  7959 | D:9      | Noticed Maurice
  8490 | D:9      | Noticed a two-headed ogre
  8554 | D:9      | Found a staircase to the Orcish Mines.
  8600 | D:9      | Killed Maurice
  8818 | D:9      | Reached ** piety under Makhleb
  8847 | D:9      | Found a shadowy altar of Dithmenos.
  8962 | D:9      | Found Yreca's Weapon Emporium.
  8988 | D:9      | Found Nosape's Food Shop.
  8991 | D:9      | Found Wiameroe's Armour Shoppe.
  9053 | D:9      | Found Hoptyh's Food Boutique.
  9142 | D:9      | Killed a two-headed ogre
  9142 | D:9      | Reached skill level 15 in Invocations
  9142 | D:9      | Reached XP level 11. HP: 12/82 MP: 20/22
  9576 | D:9      | Found a stormy altar of Qazlal.
  9630 | D:10     | Entered Level 10 of the Dungeon
 10062 | D:10     | Noticed an unseen horror
 10554 | D:10     | Noticed an unseen horror
 10564 | D:10     | Found Sujugg's Mayhem Merchandise.
 10565 | D:10     | Killed an unseen horror
 10573 | D:10     | Bought a +2 battleaxe of electrocution for 394 gold pieces
 10621 | D:10     | Found Xaawk's Gadget Shop.
 10743 | Lair:1   | Entered Level 1 of the Lair of Beasts
 10748 | Lair:1   | Reached *** piety under Makhleb
 12752 | Lair:2   | Reached skill level 5 in Fighting
 13004 | Lair:2   | Found a runed translucent door.
 13005 | Lair:2   | Found a shimmering altar of Xom.
 13005 | Lair:2   | Noticed tilp's ghost (journeyman TeAE)
 13005 | Lair:2   | Noticed a +2 flail of chaos
 13029 | Lair:2   | Reached skill level 15 in Axes
 13223 | Lair:2   | Reached skill level 5 in Armour
 13251 | Lair:2   | Noticed a four-headed hydra
 13257 | Lair:2   | Reached XP level 12. HP: 95/95 MP: 24/24
 13257 | Lair:2   | Killed a four-headed hydra
 13279 | Lair:2   | Found a hole to the Spider Nest.
 14304 | Lair:3   | Reached **** piety under Makhleb
 14631 | Lair:3   | Reached skill level 16 in Axes
 14719 | Lair:3   | Reached XP level 13. HP: 104/104 MP: 25/25
 18084 | Lair:4   | You fall into a shaft and drop 2 floors!
 18084 | Lair:6   | Entered Level 6 of the Lair of Beasts
 18112 | Lair:6   | Reached skill level 17 in Axes
 18463 | Lair:6   | Noticed a dire elephant
 18528 | Lair:6   | Reached XP level 14. HP: 25/116 MP: 26/26
 18900 | Lair:5   | Reached ***** piety under Makhleb
 19095 | Lair:5   | Reached skill level 18 in Axes
 20635 | Lair:4   | Found a staircase to the Swamp.
 20814 | Lair:6   | Reached skill level 10 in Fighting
 20906 | Lair:6   | Found a staircase to the Slime Pits.
 21038 | Lair:6   | Identified Lehudib's Disquisition on Attacks and Clay
 21109 | Lair:6   | Killed a dire elephant
 21791 | D:11     | Noticed Urug
 21799 | D:11     | Killed Urug
 22007 | D:11     | Reached skill level 19 in Axes
 22626 | D:12     | Found a frozen archway.
 22737 | IceCv    | Entered an ice cave
 23464 | IceCv    | Reached skill level 10 in Armour
 23804 | IceCv    | Noticed a frost giant
 23828 | IceCv    | Killed a frost giant
 23828 | IceCv    | Reached XP level 15. HP: 111/129 MP: 27/27
 24655 | D:12     | Reached skill level 20 in Axes
 24902 | Orc:1    | Entered Level 1 of the Orcish Mines
 24902 | Orc:1    | Noticed Harold
 24912 | Orc:1    | Killed Harold
 25186 | Orc:1    | Reached ****** piety under Makhleb
 25203 | Orc:1    | Found Akhlir's Assorted Antiques.
 25427 | Orc:2    | Entered Level 2 of the Orcish Mines
 25899 | Orc:2    | Paralysed by an orc sorcerer for 3 turns
 25994 | Orc:2    | Found a staircase to the Elven Halls.
 26282 | Orc:2    | Found Xehelam's Assorted Antiques.
 26282 | Orc:2    | Found Qaukeniu's Magic Scroll Shop.
 26282 | Orc:2    | Found Fedof's Jewellery Shop.
 26292 | Orc:2    | Found Wedom's Antique Weapon Boutique.
 26534 | Orc:2    | Found a shimmering blue altar of Sif Muna.
 27724 | D:13     | Paralysed by a hornet for 3 turns
 28143 | D:13     | Found the +12 glaive of Prune {vorpal}
 28716 | D:13     | Found a gate to the Vaults.
 29188 | Orc:1    | Bought the +2 hat of the Bear Spirit {Spirit, +Rage rN+
                  | MR++} for 1055 gold pieces
 29188 | Orc:1    | Found the +2 hat of the Bear Spirit {Spirit, +Rage rN+
                  | MR++}
 29545 | D:14     | Noticed Agnes
 29564 | D:14     | Killed Agnes
 29804 | D:14     | Noticed Frances
 29826 | D:14     | Killed Frances
 29826 | D:14     | Reached XP level 16. HP: 59/145 MP: 8/28
 30727 | D:15     | Entered Level 15 of the Dungeon
 31122 | D:15     | Found Nuotaebe's Antique Armour Boutique.
 31128 | D:15     | Bought a bronze chain mail for 294 gold pieces
 31140 | D:15     | Identified the +1 chain mail "Kokid" {*Corrode Regen+
                  | Str+2} (You bought it in a shop on level 15 of the Dungeon)
 31285 | D:15     | Noticed Josephine
 31290 | D:15     | Killed Josephine
 31300 | D:15     | Reached skill level 15 in Fighting
 31522 | D:15     | Found a staircase to the Depths.
 32053 | Orc:2    | Bought the ring of Uretaeq {rPois rF- rN+ Str+4 SInv} for
                  | 662 gold pieces
 32179 | Spider:1 | Entered Level 1 of the Spider Nest
 32199 | Spider:1 | HP: 1/149 [entropy weaver (10)]
 32199 | Spider:1 | Slain by an entropy weaver

Levels and vault maps discovered:
D:1:      evilmike_arrival_crescent, layout_loops_ring
D:2:      layout_loops_ring, kiku_gazebo_garden_becter
D:3:      layout_loops_ring, first_ration, elyvilon_altar_4,
          uniq_crazy_yiuf_cottage
D:4:      layout_basic, serial_shops, nicolae_shop_window_shopping
D:5:      layout_rooms, chequers_temple_overflow_minitemple, abandoned_shop
D:6:      layout_basic, lemuel_round_altar, minmay_checkerbox
D:7:      layout_rooms, temple_doors_e, serial_shops, shop, okawaru_humans
D:8:      layout_loops_cross, uniq_joseph
D:9:      layout_loops_ring, nicolae_dithmenos_through_a_glass_darkly,
          due_lair_maze_entry_diamond, orc_david_3, serial_shops, shop, shop,
          shop, kennysheep_little_box, shop, blue_anna_alchemist
          [blue_anna_fruit_fields, blue_anna_fruit_fields],
          nicolae_qazlal_style_of_elements, uniq_psyche, uniq_maurice
D:10:     layout_irregular_city, serial_shops, shop, minmay_shop_mayhem,
          chequers_serial_rivers_large_a, unseen_surprise_small
D:11:     layout_layer_cave, uniq_urug
D:12:     layout_gridville, portal_ice_cave_rime, hangedman_corner_corridor
D:13:     minmay_the_grid_3x3 [minmay_the_grid_small_cups,
          minmay_the_grid_paths, minmay_the_grid_box_x, minmay_the_grid_x,
          minmay_the_grid_holed_spiral, minmay_the_grid_medium_cups,
          minmay_the_grid_slots, minmay_the_grid_outer_diamond,
          minmay_the_grid_prize_shrinking_boxes], layout_long_grid,
          david_vaults_5, serial_glass, glass_columns_b, glass_columns_a,
          glass_columns_a, glass_columns_a
D:14:     four-leaf_vault, layout_loops_ring, glass_columns_a,
          hangedman_decor_push, minmay_misc_feat_diagonals, uniq_agnes,
          uniq_frances
D:15:     gammafunk_enter_depths_forms, layout_loops_ring, serial_shops,
          nicolae_shop_behind_doors, hangedman_decor_peaks_small, uniq_josephine
Temple:   regret_index_temple_sphere_string
Lair:1:   layout_gridlike, minmay_hedge_maze
Lair:2:   beast_lair_carwin_large_4, layout_cave_pods,
          nicolae_spider_entry_non_spiders, ebering_ghost_xom,
          serial_bayou_shore_a
Lair:3:   layout_roguey, minmay_lair_oklob_chamber
Lair:4:   layout_concentric_octagons, minmay_swamp_entry_worms,
          beast_lair_carwin_3, lemuel_fruit_tree, lemuel_fruit_fields
Lair:5:   layout_hall_layers
Lair:6:   gammafunk_lair_ancient_temple, layout_regular_city, slime_dummy
Spider:1: layout_spider_delve, einodemon_crawler_minivault, uniq_donald,
          uniq_azrael
Orc:1:    layout_caves, serial_shops, nicolae_shop_statue_plus, uniq_harold
Orc:2:    st_orc_mages, layout_caves, led_sif_book

Skill      XL: |  1  2  3  4  5  6  7  8  9 10 11 12 13 14 15 16 |
---------------+-------------------------------------------------+-----
Axes           | 3 4 5 6 8 9 11 14 15 16 17 19 20 | 20.0
Invocations    | 10 15 16 | 16.2
Fighting       | 5 6 8 11 13 15 | 15.3
Armour         | 5 6 8 10 12 14 | 14.2
Dodging        | 6 |  6.7
Shields        | |  3.2

Action                   |  1- 3 |  4- 6 |  7- 9 | 10-12 | 13-15 | 16-18 || total
-------------------------+-------+-------+-------+-------+-------+-------++-------
Melee: War axe           |    10 |       |       |       |       |       ||    10
       Hand axe          |    58 |   167 |   339 |   475 |       |       ||  1039
       Battleaxe         |       |       |       |   150 |   870 |   247 ||  1267
Invok: Minor Destruction |       |       |       |    45 |   539 |    18 ||   602
       Lesser Servant of |       |       |       |     1 |     7 |       ||     8
       Major Destruction |       |       |       |       |     3 |       ||     3
       Greater Servant o |       |       |       |       |     1 |     1 ||     2
Evoke: Wand              |       |       |       |     5 |       |       ||     5
  Use: Scroll            |       |     6 |    10 |     9 |    13 |     6 ||    44
       Potion            |       |       |     2 |     3 |     4 |       ||     9
 Stab: Distracted        |       |       |       |       |     3 |       ||     3
  Eat: Chunk             |       |     8 |     9 |    21 |    61 |     5 ||   104
       Ration            |       |       |     1 |     1 |     3 |       ||     5
Armor: Scale mail        |    28 |    54 |    82 |   129 |   203 |       ||   496
       Animal skin       |       |       |       |       |    12 |       ||    12
       Plate armour      |       |       |       |       |    11 |    78 ||    89
       Chain mail        |       |       |       |       |       |    68 ||    68
Dodge: Dodged            |    32 |    31 |    71 |   189 |   578 |   150 ||  1051
Block: Shield            |    38 |    58 |    95 |   133 |       |       ||   324

Table legend:
 A = Non-vault XP
 B = Vault XP
 C = Vault XP percentage of total XP
 D = Non-vault monster count
 E = Vault monster count
 F = Vault count percentage of total count
                 A         B        C        D         E       F
            +---------+---------+-------+---------+---------+-------
      Total |   69459 |   72594 |  51.1 |     518 |     258 |  33.2
            +---------+---------+-------+---------+---------+-------
        D:1 |      89 |       0 |   0.0 |      25 |       0 |   0.0
        D:2 |     112 |       0 |   0.0 |      28 |       0 |   0.0
        D:3 |     190 |      42 |  18.1 |      29 |       1 |   3.3
        D:4 |     251 |       0 |   0.0 |      10 |       0 |   0.0
        D:5 |     265 |       0 |   0.0 |       6 |       0 |   0.0
        D:6 |     400 |     117 |  22.6 |      21 |       4 |  16.0
        D:7 |     756 |     389 |  34.0 |      13 |       2 |  13.3
        D:8 |    1328 |     439 |  24.8 |      20 |       1 |   4.8
        D:9 |    3269 |    2475 |  43.1 |      45 |      21 |  31.8
       D:10 |    2445 |       0 |   0.0 |      32 |       0 |   0.0
       D:11 |    5700 |     811 |  12.5 |      32 |       1 |   3.0
       D:12 |    1264 |    3654 |  74.3 |      10 |       8 |  44.4
       D:13 |    3979 |   13864 |  77.7 |      12 |      33 |  73.3
       D:14 |    4766 |    9916 |  67.5 |      15 |      18 |  54.5
       D:15 |   12663 |    6336 |  33.3 |      39 |      17 |  30.4
     Lair:1 |    2387 |       0 |   0.0 |      16 |       0 |   0.0
     Lair:2 |    3321 |    1956 |  37.1 |      14 |      22 |  61.1
     Lair:3 |    5545 |    1510 |  21.4 |      21 |       3 |  12.5
     Lair:4 |    3472 |    1980 |  36.3 |      17 |       8 |  32.0
     Lair:5 |    4653 |       0 |   0.0 |      15 |       0 |   0.0
     Lair:6 |    4569 |   11808 |  72.1 |      19 |      30 |  61.2
   Spider:1 |    1790 |       0 |   0.0 |       6 |       0 |   0.0
      Orc:1 |    3639 |    1336 |  26.9 |      43 |       3 |   6.5
      Orc:2 |    2606 |    4052 |  60.9 |      30 |      40 |  57.1
      IceCv |       0 |   11909 | 100.0 |       0 |      46 | 100.0
            +---------+---------+-------+---------+---------+-------
